 Dungeon Crawl Stone Soup version 0.16.1-14-g82efdee (webtiles) character file.

26716 BobbyTwoHands the Martial Artist (level 13, -6/83 HPs)
             Began as an Octopode Ice Elementalist on Apr 14, 2015.
             Was a High Priest of Sif Muna.
             Mangled by a hill giant
             ... wielding a +0 giant club
              (13 damage)
             ... on level 9 of the Dungeon.
             The game lasted 01:45:26 (31163 turns).

BobbyTwoHands the Martial Artist (OpIE)            Turns: 31163, Time: 01:45:27

Health: -6/83      AC:  8    Str: 11    XL:     13   Next: 27%
Magic:  8/27       EV: 13    Int: 18    God:    Sif Muna [*****.]
Gold:   967        SH:  7    Dex: 13    Spells: 7 memorised, 4 levels left

rFire  . . .     SeeInvis .       - Unarmed
rCold  . . .     Clarity  .     p - +2 buckler
rNeg   + . .     SustAb   .     (helmet restricted)
rPois  +         Gourm    +     M - amulet of the gourmand
rElec  .         Spirit   .     y - ring of poison resistance
rCorr  .         Warding  .     Q - ring of positive energy
rMut   .         Stasis   .     (no ring)
MR     .....                    (no ring)
Stlth  ++++......               (no ring)
                                (no ring)
                                (no ring)
                                (no ring)

@: icy armour, repel missiles, not resistant to hostile enchantments, stealthy
A: almost no armour, amphibious, 8 rings, constrict 8, camouflage 1, gelatinous
body 1
a: Channel Energy, Forget Spell, Renounce Religion


You were on level 9 of the Dungeon.
You worshipped Sif Muna.
Sif Muna was extremely pleased with you.
You were not hungry.

You visited 2 branches of the dungeon, and saw 16 of its levels.
You also visited: Labyrinth and Sewer.

You collected 967 gold pieces.

Inventory:

Hand weapons
 K - a +0 blowgun
Missiles
 u - 3 throwing nets (quivered)
 A - 33 poisoned needles
Armour
 p - a +2 buckler (worn)
Jewellery
 y - a ring of poison resistance (left tentacle)
 M - an amulet of the gourmand (around mantle)
 Q - a ring of positive energy (right tentacle)
Magical devices
 e - a wand of confusion (16)
 h - a wand of disintegration (5)
 k - a wand of lightning (7)
 l - a wand of paralysis (10)
 R - a wand of enslavement (12)
Scrolls
 a - 6 scrolls of fog
 b - a scroll of summoning {unknown}
 j - a scroll of blinking
 o - 6 scrolls of recharging
 v - a scroll of torment {unknown}
 w - 6 scrolls of remove curse
 x - 4 scrolls of teleportation
 C - a scroll of brand weapon {unknown}
 D - a scroll of magic mapping
 E - a scroll of enchant weapon
 P - a scroll of enchant armour {unknown}
 U - a scroll of acquirement {unknown}
Potions
 d - a potion of haste
 g - 2 potions of invisibility
 i - 3 potions of brilliance
 m - 2 potions of lignification
 n - a potion of magic
 r - 2 potions of agility {unknown}
 s - a potion of cancellation {unknown}
 G - 2 potions of poison {unknown}
 I - a potion of resistance {unknown}
 N - a potion of restore abilities {unknown}
 O - 2 potions of beneficial mutation {unknown}
Miscellaneous
 z - a lamp of fire
 S - a sack of spiders
Comestibles
 c - 8 bread rations
 f - 2 meat rations
 t - 5 beef jerkies
 F - 2 royal jellies
 H - 34 fruits
 L - a slice of pizza


   Skills:
 - Level 5.9 Fighting
 - Level 4.0 Dodging
 - Level 5.0 Stealth
 - Level 4.6 Shields
 - Level 12.3 Unarmed Combat
 - Level 6.6 Spellcasting
 + Level 5.2 Conjurations
 - Level 2.9 Charms
 + Level 11.8 Ice Magic
 - Level 6.0 Earth Magic


You had 4 spell levels left.
You knew the following spells:

 Your Spells              Type           Power        Failure   Level  Hunger
a - Ozocubu's Armour      Chrm/Ice       ####....     1%          3    ##.....
c - Bolt of Cold          Conj/Ice       #####.....   58%         6    #######
d - Throw Icicle          Conj/Ice       #####...     3%          4    ####...
e - Freeze                Ice            ####         1%          1    None
f - Stone Arrow           Conj/Erth      ####..       3%          3    ##.....
g - Swiftness             Chrm/Air       ##......     12%         2    None
h - Repel Missiles        Chrm/Air       ##....       12%         2    None


Dungeon Overview and Level Annotations

Branches:
Dungeon (11/15) Temple (0/1) D:4 D:6 Lair (5/8) D:9 Spider (0/5) Lair:3 Orc (0/4) D:10 Swamp: Lair:3-6 Shoals: Lair:3-6

Altars:
Fedhas
Gozag
Okawaru
Ru
Sif Muna
Trog
Vehumet

Annotations:
D:7 exclusion: oklob plant
D:8 exclusion: downstairs
D:9 exclusion: jelly, Gastronok; Shoikan's ghost, experienced MiBe
Lair:2 exclusions: hydra and 7 more exclusions
Lair:4 exclusion: downstairs, Rupert


Innate Abilities, Weirdness & Mutations

You cannot wear most types of armour.
You are amphibious.
You can wear up to eight rings at the same time.
You can use your tentacles to constrict many enemies at once.
Your skin changes colour to match your surroundings (Stealth).
Your rubbery body absorbs attacks (AC +1).


Message History

* * * LOW HITPOINT WARNING * * *
You barely miss the hill giant.
The hill giant is almost dead.
The hill giant hits you with a giant club!!
* * * LOW HITPOINT WARNING * * *
Drink which item? (? for menu, Esc to quit)
You feel much better.
The hill giant hits you with a giant club!
* * * LOW HITPOINT WARNING * * *
You barely miss the hill giant.
The hill giant is almost dead.
You tentacle-slap the hill giant.
The hill giant is almost dead.
The hill giant closely misses you.
You tentacle-slap the hill giant.
The hill giant is almost dead.
You tentacle-slap the hill giant but do no damage.
The hill giant is almost dead.
The hill giant hits you with a giant club!
You die...

.# ##.# .# #########.># .#
##.....W...## .#
#...######## .# #..## .##
#..# ..######## ##.###
.........# ####...#####
##.......#
#@##.......#######
##))...##
#C...####........# #<...)#
##...........#.... #...###
##.....###...)...# #..##
########.......#.........
##[#
##...........#..#..#...#..
#{#
#...###......#######...###
#.# #..##
###....#..#..#[..#..
#.###.##
#........#.........


You could see a hill giant.

Vanquished Creatures
  A minotaur (Lab)
  A hydra (Lair:1)
  The ghost of karvarausku the Carver, an experienced TeFi of Okawaru (D:8)
  4 hill giants
  Erolcha (D:9)
  A hornet (Lair:3)
  A gargoyle (Lab)
  5 komodo dragons
  2 black mambas
  2 centaur skeletons (D:10)
  5 spiny frogs
  A fire drake (Lair:5)
  3 trolls
  Prince Ribbit (D:6)
  A two-headed ogre (D:10)
  A slime creature (Lair:1)
  A basilisk (Lair:5)
  6 spriggans (Lair:3)
  A deep elf mage (D:11)
  2 wyverns
  25 yaks
  A wraith (D:9)
  A vampire mosquito (Lair:4)
  2 soldier ants (D:10)
  5 hippogriffs
  Edmund (D:8)
  7 water moccasins
  6 wolves
  9 porcupines
  A black bear (Lair:2)
  4 sky beasts
  2 ice beasts (D:10)
  5 orc warriors
  A wasp (D:8)
  6 centaurs
  5 ogres
  8 crocodiles
  Duvessa (D:6)
  A big kobold (D:8)
  A wyvern zombie (D:6)
  A wyvern skeleton (D:9)
  An earth elemental (Lab)
  11 giant frogs
  7 scorpions
  3 jellies
  9 wights (D:8)
  15 killer bees
  Dowan (D:6)
  4 crimson imps
  A centaur zombie (D:9)
  4 goliath beetles
  A giant frog zombie (D:10)
  8 orc priests
  7 hounds
  8 orc wizards
  4 worker ants
  4 iguanas
  13 sheep
  A killer bee zombie (D:7)
  2 hound zombies
  3 hound skeletons
  A mummy (D:10)
  2 worker ant zombies
  23 adders
  3 gnolls (D:2)
  41 river rats
  3 shadow imps
  4 giant mites (Lair:3)
  9 worms
  6 giant geckos
  21 orcs
  A bat skeleton (D:8)
  5 giant cockroaches
  16 hobgoblins
  16 kobolds
  12 quokkas
  6 ball pythons
  20 bats
  A giant gecko zombie (D:5)
  6 giant newts
  13 goblins
  5 jackals
  A jackal zombie (D:9)
  19 rats
  A butterfly (D:4)
  A fungus (Lair:2)
477 creatures vanquished.

Vanquished Creatures (others)
  A giant spore (D:9)
  A plant (Lair:2)
2 creatures vanquished.

Grand Total: 479 creatures vanquished

Notes
Turn   | Place    | Note
--------------------------------------------------------------
     0 | D:1      | BobbyTwoHands, the Octopode Ice Elementalist, began the quest for the Orb.
     0 | D:1      | Reached XP level 1. HP: 11/11 MP: 3/3
   437 | D:1      | Reached skill level 1 in Unarmed Combat
   437 | D:1      | Reached XP level 2. HP: 17/17 MP: 4/4
  1418 | D:1      | Reached XP level 3. HP: 17/21 MP: 6/6
  1484 | D:1      | Learned a level 3 spell: Ozocubu's Armour
  1955 | D:1      | Noticed a phantom
  1961 | D:2      | Reached XP level 4. HP: 24/27 MP: 7/7
  1980 | D:2      | Found a sacrificial altar of Ru.
  2109 | D:3      | Found a glowing drain.
  2139 | D:3      | Reached skill level 4 in Ice Magic
  2198 | D:3      | Found an iron altar of Okawaru.
  2200 | Sewer    | Entered a sewer
  2301 | Sewer    | Learned a level 2 spell: Throw Frost
  2428 | D:3      | Reached XP level 5. HP: 22/31 MP: 2/9
  3416 | D:3      | Reached XP level 6. HP: 31/36 MP: 1/10
  3566 | D:4      | Found a staircase to the Ecumenical Temple.
  3650 | D:4      | Found an opulent altar of Gozag.
  3745 | D:3      | Reached skill level 5 in Ice Magic
  3882 | D:4      | Found a deep blue altar of Sif Muna.
  4000 | D:4      | Became a worshipper of Sif Muna the Loreminder
  4970 | D:5      | Entered Level 5 of the Dungeon
  5002 | D:5      | Reached skill level 1 in Charms
  5653 | D:5      | Reached XP level 7. HP: 21/41 MP: 8/12
  5829 | D:5      | Noticed a wyvern
  6150 | D:6      | Noticed Dowan
  6312 | D:6      | Noticed Prince Ribbit
  6629 | D:6      | Found a staircase to the Ecumenical Temple.
  6748 | D:6      | Reached skill level 5 in Stealth
  6761 | D:6      | Reached skill level 5 in Unarmed Combat
  7148 | D:7      | Reached XP level 8. HP: 26/46 MP: 10/14
  7178 | D:7      | Learned a level 4 spell: Throw Icicle
  7588 | D:7      | Acquired Sif Muna's first power
  8261 | D:7      | Reached skill level 6 in Ice Magic
  8617 | D:7      | Found a blossoming altar of Fedhas.
  8915 | D:7      | Learned a level 4 spell: Condensation Shield
  8989 | D:7      | Noticed an oklob plant
  9112 | D:6      | Killed Prince Ribbit
  9304 | D:6      | Reached XP level 9. HP: 35/51 MP: 14/20
  9421 | D:6      | Noticed Duvessa
  9440 | D:6      | Killed Duvessa
  9654 | D:6      | Killed Dowan
  9924 | D:5      | Killed a wyvern
  9924 | D:5      | Acquired Sif Muna's second power
  9924 | D:5      | Reached skill level 1 in Fighting
 10337 | D:4      | Identified Sif Muna's Incunabulum of the Compass
 10472 | D:2      | Reached skill level 7 in Unarmed Combat
 10507 | D:2      | Found a radiant altar of Vehumet.
 10639 | D:2      | Found a bloodstained altar of Trog.
 10639 | D:2      | Found an iron altar of Okawaru.
 11262 | D:8      | Noticed karvarausku's ghost (experienced TeFi)
 11556 | D:9      | Noticed Gastronok
 11624 | D:8      | Killed karvarausku's ghost
 11867 | D:8      | Reached skill level 8 in Unarmed Combat
 11867 | D:8      | Reached XP level 10. HP: 35/63 MP: 13/21
 11953 | D:8      | Noticed Edmund
 11964 | D:8      | Killed Edmund
 13293 | D:8      | Reached skill level 9 in Unarmed Combat
 13862 | D:7      | Learned a level 3 spell: Stone Arrow
 14074 | D:9      | Noticed Erolcha
 14336 | D:9      | Reached skill level 1 in Earth Magic
 14722 | D:10     | Entered Level 10 of the Dungeon
 14944 | D:10     | Noticed a hill giant
 15382 | D:10     | Killed a hill giant
 15635 | D:10     | Reached skill level 5 in Spellcasting
 15641 | D:10     | Learned a level 2 spell: Swiftness
 15759 | D:10     | Reached skill level 10 in Unarmed Combat
 15832 | D:10     | Reached XP level 11. HP: 69/69 MP: 16/23
 16014 | D:10     | Learned a level 2 spell: Repel Missiles
 16918 | D:10     | Reached skill level 5 in Earth Magic
 17299 | D:10     | Acquired Sif Muna's third power
 17683 | D:10     | Found a staircase to the Orcish Mines.
 18076 | D:11     | Noticed a hill giant
 18544 | D:9      | Found a staircase to the Lair.
 18555 | Lair:1   | Entered Level 1 of the Lair of Beasts
 18684 | Lair:1   | Noticed a four-headed hydra
 19248 | Lair:1   | Reached skill level 11 in Unarmed Combat
 21164 | Lair:2   | Noticed a four-headed hydra
 21342 | Lair:2   | Reached skill level 5 in Fighting
 21635 | Lair:2   | Reached XP level 12. HP: 74/77 MP: 11/26
 22546 | Lair:3   | Found a hole to the Spider Nest.
 23169 | Lair:3   | Reached skill level 1 in Shields
 24072 | Lair:3   | Reached skill level 10 in Ice Magic
 24872 | Lair:4   | Found a labyrinth entrance.
 24888 | Lab      | Entered a labyrinth
 26014 | Lab      | Noticed a minotaur
 26041 | Lab      | Killed a minotaur
 26058 | Lab      | Identified the Volume of Hairiness
 26190 | Lair:4   | Noticed Rupert
 26375 | Lair:4   | Noticed a death yak
 26997 | Lair:4   | Reached skill level 12 in Unarmed Combat
 27149 | Lair:4   | Noticed a seven-headed hydra
 27887 | Lair:5   | Reached XP level 13. HP: 83/83 MP: 15/27
 28130 | Lair:4   | Learned a level 6 spell: Bolt of Cold
 28599 | D:9      | Killed Erolcha
 28745 | D:9      | Noticed a hill giant
 28760 | D:9      | Noticed a hill giant
 28766 | D:9      | Noticed Shoikan's ghost (experienced MiBe)
 29024 | D:9      | Killed a hill giant
 29058 | D:9      | Killed a hill giant
 29635 | Lair:1   | Killed a four-headed hydra
 30627 | D:10     | Noticed a hill giant
 30638 | D:10     | Killed a hill giant
 30638 | D:10     | Reached skill level 5 in Conjurations
 30802 | D:9      | Noticed a hill giant
 30804 | D:9      | Noticed a centaur warrior
 31163 | D:9      | Mangled by a hill giant

Action                   |  1- 3 |  4- 6 |  7- 9 | 10-12 | 13-15 || total
-------------------------+-------+-------+-------+-------+-------++-------
Melee: Unarmed           |    64 |   182 |   291 |   883 |   148 ||  1568
 Fire: Blowgun           |       |       |    22 |    49 |       ||    71
Throw: Throwing net      |       |       |       |       |     1 ||     1
 Cast: Freeze            |    15 |    10 |    22 |    46 |       ||    93
       Ozocubu's Armour  |     2 |    24 |    40 |   108 |    24 ||   198
       Throw Frost       |       |    19 |    23 |     9 |     2 ||    53
       Condensation Shie |       |       |    16 |    55 |       ||    71
       Throw Icicle      |       |       |    16 |   112 |    13 ||   141
       Swiftness         |       |       |       |     2 |     1 ||     3
       Repel Missiles    |       |       |       |     1 |       ||     1
       Stone Arrow       |       |       |       |       |    10 ||    10
       Bolt of Cold      |       |       |       |       |     6 ||     6
Invok: Channel Energy    |       |       |       |       |     2 ||     2
       Forget Spell      |       |       |       |       |     2 ||     2
Evoke: Wand              |       |       |     2 |       |       ||     2
  Use: Scroll            |     3 |    10 |     5 |     9 |       ||    27
       Potion            |       |       |     5 |    15 |     2 ||    22
 Stab: Sleeping          |     7 |     7 |    10 |    26 |       ||    50
       Distracted        |       |       |     1 |     1 |       ||     2
       Invisible         |       |       |       |     3 |       ||     3
  Eat: Chunk             |     1 |    12 |    18 |    96 |    12 ||   139
       Meat ration       |     1 |       |     2 |       |       ||     3
       Pizza             |       |     1 |     1 |       |       ||     2
